cohdb
Replays
Latest Replays
All Replays
Popular Replays
Top Player Replays
Match Explorer
How It Works
Community
CoH3 Stats
Reddit
Sign in to upload your games and track your stats! →
Sign in with Steam
Match 38932779
Unlisted
Match 38932779
Overview
Messages
Build Orders
End
Construct Barracks
Selects Armored Battlegroup
Selects Veteran Crews
Riflemen Squad
Riflemen Squad
M1 Mortar Team
Air Support Center
Construct Weapon Support Center
Riflemen Squad
Grasshopper Recon Run
M3 Armored Personnel Carrier
Grasshopper Recon Run
M1919 Machine Gun Team
Grenade Package
Selects Fast Deploy
Construct Motor Pool
M8 Greyhound Armored Car
Selects Field Repairs
M1918 Browning Automatic Rifles
Engineer Squad
P-47 Strafing Run
M24 Chaffee Light Tank
P-47 Strafing Run
Grasshopper Recon Run
P-47 Strafing Run
P-47 Strafing Run
Selects War Machine
M24 Chaffee Light Tank
M1 Anti-tank Gun Team
Grasshopper Recon Run
A_Smoove
The_Honey_Bear
kentaro5272
rousong
北极丁真
Immortal pirce
0
0
Comments
sign in to comment!
No comments posted yet!